AoeStats
← Nemecek

Fortress

508331782Analyzed
2v2 RM · 10d ago on Sep 22, 2026· 56m 23s· 4 players
Game mode
Random Map
Map size
Normal (6 player)
Population
200
Speed
Normal
Resources
Standard
Victory
Conquest
Starting age
Dark Age
Ending age
Imperial Age
RankedLock teamsTeams togetherTeam positionsShared explorationLock speedFull tech treeHidden civsTurbo modeCheats
Victory
Defeat
🇨🇱 Spanish · Chile
1287
+14
🇨🇱 Magyars · Chile
1236
+16
🇧🇷 Bohemians · Brazil
1244
-15
🇧🇷 Cumans · Brazil
1244
-15
Saladidn't
9:03 Feudal Age
10:13 Loom
13:01 Castle Age
11:28 Double-Bit Axe
11:26 Horse Collar
14:33 Wheelbarrow
13:40 Pikeman
15:04 Bow Saw
22:25 Hand Cart
23:59 Fervor
24:42 Town Watch
27:37 Heavy Plow
33:08 Imperial Age
31:14 Scale Mail Armor
32:14 Wagenburg Tactics
32:39 Forging
34:55 Two-Man Saw
35:10 Chemistry
34:31 Ballistics
35:33 Fletching
35:44 Halberdier
38:21 Treadmill Crane
39:50 Conscription
40:03 Chain Mail Armor
40:24 Iron Casting
39:45 Bodkin Arrow
41:00 Siege Engineers
40:41 Elite Hussite Wagon
41:55 Plate Mail Armor
42:43 Houfnice
44:39 Blast Furnace
43:40 Bracer
45:06 Squires
52:45 Man-at-Arms
53:12 Arson
PapaLeaoX
0:33 Loom
7:37 Feudal Age
8:11 Double-Bit Axe
8:06 Horse Collar
10:17 Gold Mining
17:12 Castle Age
15:55 Fletching
16:06 Padded Archer Armor
18:42 Bodkin Arrow
19:39 Ballistics
20:46 Wheelbarrow
22:15 Leather Archer Armor
22:38 Thumb Ring
29:27 Imperial Age
28:56 Loom
28:57 Town Watch
29:55 Forging
29:50 Scale Barding Armor
31:22 Chemistry
31:25 Ring Archer Armor
30:59 Elite Steppe Lancer
33:06 Chain Barding Armor
33:21 Iron Casting
34:26 Conscription
35:09 Bloodlines
36:20 Plate Barding Armor
48:16 Hand Cart
56:12 Light Cavalry
Nemecek
7:08 Feudal Age
11:30 Castle Age
10:35 Double-Bit Axe
10:32 Horse Collar
10:57 Gold Mining
15:54 Town Watch
17:08 Padded Archer Armor
20:40 Husbandry
20:51 Bloodlines
23:09 Wheelbarrow
23:32 Leather Archer Armor
31:27 Imperial Age
30:10 Scale Mail Armor
30:17 Scale Barding Armor
30:23 Forging
30:31 Loom
31:13 Hand Cart
31:07 Fletching
32:41 Ring Archer Armor
33:08 Chain Barding Armor
33:23 Iron Casting
33:26 Conscription
33:23 Heavy Plow
33:46 Bow Saw
33:31 Cavalier
34:37 Light Cavalry
37:28 Elite Conquistador
38:45 Plate Barding Armor
39:11 Blast Furnace
37:37 Hussar
38:00 Pikeman
38:41 Squires
38:43 Scale Mail Armor
39:42 Paladin
40:55 Bodkin Arrow
42:36 Onager
44:39 Chemistry
49:12 Thumb Ring
51:16 Bracer
50:39 Elite Skirmisher
55:32 Caravan
57:08 Two-Man Saw
thrud
7:43 Feudal Age
12:43 Castle Age
11:04 Scale Barding Armor
10:48 Double-Bit Axe
11:43 Gold Mining
12:31 Bloodlines
16:00 Wheelbarrow
15:40 Bow Saw
16:23 Town Watch
16:43 Husbandry
20:38 Hand Cart
25:54 Loom
31:52 Town Patrol
37:16 Imperial Age
36:36 Chain Barding Armor
39:11 Gold Shaft Mining
38:04 Cavalier
41:54 Onager
49:31 Elite Skirmisher
54:52 Two-Man Saw
Connection lost

Rejoining the realm…

Still unreachable

The connection could not be restored.

Session expired

The server has moved on; the page needs a fresh start.